[Event "Team 45 45 League T99"]
[Site "Internet Chess Club"]
[Date "2024.03.22"]
[Round "6"]
[White "fhunfi"]
[Black "clarinetref"]
[Result "1/2-1/2"]
[WhiteElo "1748"]
[BlackElo "1529"]
[Opening "French: Labourdonnais variation"]
[ECO "C00"]
[Time "20:01:12"]
[PlyCount "111"]
[TimeControl "2700+45"]

1. e4 e6 2. f4 d5 3. e5 c5 4. Nf3 a6 5. c3 c4 6. d4 cxd3 7. Bxd3 Bd7 8. Qe2 Qb6
9. Be3 Bc5 10. Bxc5 Qxc5 11. Na3 Nh6 12. Nc2 Nc6 13. Ncd4 Nxd4 14. Nxd4 Nf5 15.
Bxf5 exf5 16. e6 fxe6 17. Nxe6 Bxe6 18. Qxe6+ Qe7 19. Qxe7+ Kxe7 20. O-O-O Rhd8
21. Rhe1+ Kf6 22. Re5 d4 23. Rxd4 Rxd4 24. cxd4 Rc8+ 25. Kd2 g5 26. fxg5+ Kxg5
27. Re7 Rc4 28. Rxb7 Rxd4+ 29. Kc3 Rh4 30. h3 Rh6 31. b4 Rc6+ 32. Kb3 h5 33. a4
Kf4 34. Rg7 h4 35. b5 axb5 36. axb5 Rc1 37. Kb4 Ke5 38. Ka5 Kd5 39. Rg5 Ra1+ 40.
Kb6 Ke6 41. Rg7 Ra2 42. Rh7 Rxg2 43. Rxh4 Ke5 44. Rh8 f4 45. Ka6 Ra2+ 46. Kb7 f3
47. b6 Kf4 48. Kb8 Kg3 49. b7 f2 50. Rf8 Kxh3 51. Kc7 Rc2+ 52. Kd6 Rd2+ 53. Ke5
Re2+ 54. Kd4 Rb2 55. b8=R Rxb8 56. Rxf2 {Game drawn by mutual agreement} 1/2-1/2

[Event "Team 45 45 League T99"]
[Site "Internet Chess Club"]
[Date "2024.03.24"]
[Round "6"]
[White "Electryon"]
[Black "evan7284"]
[Result "1/2-1/2"]
[WhiteElo "1511"]
[BlackElo "1608"]
[Opening "Queen's pawn game"]
[ECO "D02"]
[Time "15:36:35"]
[PlyCount "60"]
[TimeControl "2700+45"]

1. d4 d5 2. Nf3 Bf5 3. e3 e6 4. Bd3 Bxd3 5. cxd3 Nf6 6. Nc3 c6 7. b3 Bd6 8. Bb2
Nbd7 9. O-O O-O 10. e4 e5 11. dxe5 Nxe5 12. exd5 cxd5 13. Re1 Ng6 14. Nb5 Bb8
15. Nbd4 Bc7 16. Rc1 Bb6 17. a3 Re8 18. b4 Rxe1+ 19. Qxe1 Qe8 20. Qc3 Ne7 21.
Nh4 Rc8 22. Qd2 Rxc1+ 23. Qxc1 Qd7 24. h3 h6 25. Qc3 Nc6 26. Nb3 Qe7 27. Nf3 Qe2
28. Nbd4 Nxd4 29. Nxd4 Qe5 30. Qc8+ Kh7 {Game drawn by mutual agreement} 1/2-1/2

[Event "Team 45 45 League T99"]
[Site "Internet Chess Club"]
[Date "2024.03.25"]
[Round "6"]
[White "BIRDSMAN"]
[Black "DaveTheRook"]
[Result "0-1"]
[WhiteElo "1363"]
[BlackElo "1492"]
[Opening "Queen's pawn: Yusupov-Rubinstein system"]
[ECO "A46"]
[Time "18:00:52"]
[PlyCount "66"]
[TimeControl "2700+45"]

1. d4 Nf6 2. Nf3 e6 3. e3 b6 4. Bd3 Bb7 5. Nbd2 d5 6. Qe2 Be7 7. O-O O-O 8. Ne5
Nbd7 9. f4 c5 10. c3 c4 11. Bc2 Nxe5 12. fxe5 Ne4 13. Nxe4 dxe4 14. Qxc4 Bd5 15.
Qe2 Rc8 16. Bb3 Qc7 17. Qg4 f6 18. exf6 Rxf6 19. Rxf6 Bxf6 20. Bxd5 exd5 21.
Qe6+ Kh8 22. Qxd5 Re8 23. Qb3 Bh4 24. Bd2 Rf8 25. Be1 Bg5 26. Bf2 Qc8 27. Qc2
Qe6 28. Qe2 Qh6 29. Rf1 Rxf2 30. Kxf2 Qxh2 31. Ke1 h6 32. Kd2 Qg3 33. Qf3 exf3
{White resigns} 0-1

[Event "Team 45 45 League T99"]
[Site "Internet Chess Club"]
[Date "2024.03.21"]
[Round "6"]
[White "garytd"]
[Black "Fulmar"]
[Result "1-0"]
[WhiteElo "1496"]
[BlackElo "1378"]
[Opening "French: Rubinstein variation"]
[ECO "C03"]
[Time "19:00:32"]
[PlyCount "76"]
[TimeControl "2700+45"]

1. e4 e6 2. d4 d5 3. Nd2 dxe4 4. Nxe4 Nd7 5. Nf3 Ngf6 6. Bd3 Be7 7. O-O O-O 8.
c3 b6 9. Qc2 Bb7 10. Nxf6+ Nxf6 11. Ne5 c5 12. Rd1 Qc7 13. Be3 Rfd8 14. Rac1 g6
15. Nf3 Ng4 16. Be4 Rac8 17. Bxb7 Nxe3 18. fxe3 Qxb7 19. Rf1 cxd4 20. exd4 Bf6
21. Rce1 Rd5 22. Qf2 Rf5 23. Qe2 Rd8 24. Qe3 Kg7 25. g4 Ra5 26. a3 h6 27. h3 Rd7
28. Qf2 Bd8 29. Ne5 Rc7 30. Re3 f6 31. Nd3 Rf7 32. Rxe6 Qd5 33. Nf4 Qg5 34. Rd6
Be7 35. Ne6+ Kh8 36. Nxg5 hxg5 37. Rd7 f5 38. Qe2 Re5 {Black resigns} 1-0

[Event "Team 45 45 League T99"]
[Site "Internet Chess Club"]
[Date "2024.03.22"]
[Round "6"]
[White "Goli"]
[Black "Fischeresque930"]
[Result "0-1"]
[WhiteElo "1772"]
[BlackElo "2073"]
[Opening "French: exchange variation"]
[ECO "C01"]
[Time "14:00:36"]
[PlyCount "76"]
[TimeControl "2700+45"]

1. e4 e6 2. d4 d5 3. exd5 exd5 4. Bd3 Nf6 5. Bg5 Be7 6. Nc3 O-O 7. Nge2 c6 8.
Qd2 Re8 9. O-O-O a5 10. Rde1 Na6 11. f3 Nb4 12. g4 Nxd3+ 13. Qxd3 b5 14. h4 a4
15. Nf4 b4 16. Nd1 Ba6 17. Qd2 Rb8 18. Bxf6 Bxf6 19. Rxe8+ Qxe8 20. g5 Bd8 21.
Re1 Qd7 22. Qe3 Bc7 23. h5 Bd6 24. g6 Qf5 25. gxf7+ Qxf7 26. Nd3 Rf8 27. N1f2
Bg3 28. Qe6 Bxd3 29. Nxd3 Bxe1 30. Qxe1 Qxf3 31. Qxb4 Qe3+ 32. Kd1 Rf1+ 33. Ne1
Qf3+ 34. Kc1 Qxh5 35. Qb8+ Rf8 36. Qb4 Qe2 37. Nd3 Rf1+ 38. Ne1 Rxe1+ {White
resigns} 0-1

[Event "Team 45 45 League T99"]
[Site "Internet Chess Club"]
[Date "2024.03.21"]
[Round "6"]
[White "trombone"]
[Black "fhunfi"]
[Result "1/2-1/2"]
[WhiteElo "1816"]
[BlackElo "1758"]
[Opening "French: Tarrasch, open variation"]
[ECO "C07"]
[Time "09:00:39"]
[PlyCount "82"]
[TimeControl "2700+45"]

1. e4 e6 2. d4 d5 3. Nd2 c5 4. c3 cxd4 5. cxd4 dxe4 6. Nxe4 Nf6 7. Bd3 Bb4+ 8.
Nc3 O-O 9. Nf3 Nbd7 10. O-O b6 11. Bg5 Bb7 12. Re1 Be7 13. Qe2 h6 14. Bh4 Re8
15. Rac1 Nh5 16. Bxe7 Rxe7 17. Bc4 Ndf6 18. Qe5 Qc7 19. Nb5 Qxe5 20. dxe5 Nd5
21. Nd6 Nhf4 22. Nd4 Nb4 23. Nxb7 Rxb7 24. Rc3 Nbd5 25. Rcc1 Nb4 26. Red1 Rd8
27. g3 Ng6 28. f4 Ne7 29. Nb5 Rxd1+ 30. Rxd1 Nbd5 31. Kf2 Rd7 32. Nd6 Rc7 33.
Rd2 g6 34. a3 Kf8 35. Bb5 Rc1 36. Be8 Nf5 37. Bxf7 Nxd6 38. Bxg6 Nc4 39. Re2 Ne7
40. Bd3 Na5 41. Bc2 Nac6 {Game drawn by mutual agreement} 1/2-1/2

[Event "Team 45 45 League T99"]
[Site "Internet Chess Club"]
[Date "2024.03.21"]
[Round "6"]
[White "WillC"]
[Black "Signofthetimes"]
[Result "1-0"]
[WhiteElo "1561"]
[BlackElo "1549"]
[Opening "Queen's pawn"]
[ECO "A40"]
[Time "21:01:41"]
[PlyCount "83"]
[TimeControl "2700+45"]

1. d4 c6 2. Nf3 d5 3. g3 Nf6 4. Bg2 Bf5 5. O-O e6 6. b3 Bd6 7. Bb2 Nbd7 8. Nbd2
Qc7 9. c4 Ne4 10. Rc1 Nxd2 11. Qxd2 b6 12. Nh4 Bg6 13. cxd5 exd5 14. Bxd5 Be7
15. Bxc6 Qd8 16. Bxa8 Qxa8 17. Qe3 Nf6 18. Nxg6 hxg6 19. Ba3 Nd5 20. Qe5 Rh7 21.
e4 Rh5 22. Qxg7 Bxa3 23. exd5 Qxd5 24. Qg8+ Ke7 25. Rfe1+ Kf6 26. Rc7 a5 27. Re5
Rxe5 28. dxe5+ Kxe5 29. Rxf7 Qd1+ 30. Kg2 Qd5+ 31. Kh3 Qe6+ 32. Kg2 Qd5+ 33. Kg1
Qd1+ 34. Kg2 Qd5+ 35. Kh3 Qe6+ 36. g4 Bc5 37. Qg7+ Kd5 38. Rf6 Qe5 39. Qxg6 Kd4
40. Qf5 Qe1 41. Qf4+ Kd5 42. Qc4+ {Black resigns} 1-0

[Event "Team 45 45 League T99"]
[Site "Internet Chess Club"]
[Date "2024.03.23"]
[Round "6"]
[White "stantheman59"]
[Black "ChessMaine"]
[Result "0-1"]
[WhiteElo "1201"]
[BlackElo "1481"]
[Opening "Queen's bishop game"]
[ECO "D02"]
[Time "18:00:45"]
[PlyCount "122"]
[TimeControl "2700+45"]

1. d4 d5 2. Nf3 Nf6 3. Bf4 e6 4. e3 c5 5. c3 Nbd7 6. Ne5 Be7 7. Nd2 O-O 8. Be2
Qb6 9. b3 Nxe5 10. Bxe5 Bd7 11. O-O Rac8 12. c4 cxd4 13. Bxd4 Qd8 14. Bxa7 b6
15. cxd5 exd5 16. h3 Ra8 17. Bxb6 Qxb6 18. Bf3 Rfd8 19. Nc4 dxc4 20. Bxa8 Rxa8
21. bxc4 Rc8 22. Rc1 Be6 23. Rb1 Qa6 24. Qc2 Rxc4 25. Rb8+ Rc8 26. Rxc8+ Qxc8
27. Qxc8+ Bxc8 28. Rc1 Be6 29. a4 Bb4 30. Ra1 Ba5 31. Rb1 g6 32. Rb5 Bd2 33. a5
Bc4 34. Rc5 Bd3 35. Rc8+ Kg7 36. Rd8 Bxa5 37. Rxd3 Ne4 38. Rd4 f5 39. g4 Nc3 40.
gxf5 Ne2+ 41. Kg2 Nxd4 42. exd4 gxf5 43. Kf3 Kf6 44. Kf4 Bd2+ 45. Kf3 Ke6 46.
Ke2 Ba5 47. Kd3 Kd5 48. f3 Bb6 49. Ke3 Bxd4+ 50. Kf4 Ke6 51. h4 h6 52. h5 Kf6
53. Kg3 Kg5 54. Kh3 Kxh5 55. f4 Bf2 56. Kg2 Kg4 57. Kxf2 Kxf4 58. Kf1 Kf3 59.
Kg1 Ke2 60. Kg2 f4 61. Kh1 f3 {White resigns} 0-1

[Event "Team 45 45 League T99"]
[Site "Internet Chess Club"]
[Date "2024.03.25"]
[Round "6"]
[White "Packerfan"]
[Black "DimEyeChessGuy"]
[Result "0-1"]
[WhiteElo "1698"]
[BlackElo "1709"]
[Opening "French defense, Steiner variation"]
[ECO "A13"]
[Time "14:02:42"]
[PlyCount "82"]
[TimeControl "2700+45"]

1. c4 e6 2. e4 d5 3. exd5 exd5 4. d4 Nf6 5. Nf3 Bb4+ 6. Nc3 O-O 7. Be2 dxc4 8.
Bxc4 Nc6 9. O-O Bg4 10. Be3 Qd6 11. Nb5 Qd7 12. Be2 a6 13. Nc3 Rfe8 14. Qb3 Ba5
15. Rad1 Bxc3 16. bxc3 Nd5 17. c4 Nxe3 18. fxe3 h6 19. d5 Na5 20. Qc3 b6 21. Ne5
Rxe5 22. Bxg4 Qe7 23. Be6 Rxe6 24. dxe6 Qxe6 25. c5 Re8 26. cxb6 cxb6 27. Qd4
Nc4 28. Rde1 b5 29. e4 Qg6 30. a4 Ne5 31. axb5 axb5 32. Rf5 f6 33. Qd5+ Kh7 34.
Qxb5 Rc8 35. Rf2 Rc4 36. Qd5 Ra4 37. h3 Ra3 38. Qd6 Rxh3 39. Rd1 Nf3+ 40. Kf1
Rh1+ 41. Ke2 Qxe4# {White checkmated} 0-1

[Event "Team 45 45 League T99"]
[Site "Internet Chess Club"]
[Date "2024.03.26"]
[Round "6"]
[White "elmaestro"]
[Black "Salvatore"]
[Result "1-0"]
[WhiteElo "1663"]
[BlackElo "1520"]
[Opening "Sicilian: Hungarian variation"]
[ECO "B34"]
[Time "23:06:10"]
[PlyCount "65"]
[TimeControl "2700+45"]

1. e4 c5 2. Nf3 g6 3. d4 cxd4 4. Nxd4 Bg7 5. Nc3 Nc6 6. Be3 Nf6 7. Nxc6 bxc6 8.
Bc4 d6 9. f3 O-O 10. Qd2 Bb7 11. O-O-O d5 12. exd5 cxd5 13. Nxd5 Nxd5 14. Bxd5
Bxd5 15. Qxd5 Qxd5 16. Rxd5 e6 17. Rd7 a5 18. Rhd1 a4 19. c4 Rfb8 20. R1d2 a3
21. b3 Bc3 22. R2d3 Bb2+ 23. Kc2 Be5 24. h3 Bf6 25. Bc5 Ra5 26. Be7 Kg7 27.
Bxf6+ Kxf6 28. Rc7 Re5 29. Ra7 Re2+ 30. Rd2 Rxd2+ 31. Kxd2 Rd8+ 32. Ke2 h5 33.
Rxa3 {Black resigns} 1-0

[Event "Team 45 45 League T99"]
[Site "Internet Chess Club"]
[Date "2024.03.23"]
[Round "6"]
[White "justice02"]
[Black "burlap"]
[Result "0-1"]
[WhiteElo "1519"]
[BlackElo "1471"]
[Opening "French: advance variation"]
[ECO "C02"]
[Time "09:00:43"]
[PlyCount "72"]
[TimeControl "2700+45"]

1. e4 e6 2. d4 d5 3. e5 c5 4. c3 a6 5. Bd3 Bd7 6. Nf3 Qb6 7. dxc5 Bxc5 8. O-O
Bb5 9. b4 Be7 10. Be3 Qc7 11. Bxb5+ axb5 12. Qd3 Qc4 13. Qd2 Nd7 14. Qb2 Bd8 15.
Na3 Qc6 16. Nd4 Qc7 17. f4 Ne7 18. Naxb5 Qb8 19. Nd6+ Kf8 20. Qf2 Bb6 21. Nxe6+
fxe6 22. Bxb6 Nxb6 23. Qxb6 Qa7 24. Qxa7 Rxa7 25. f5 exf5 26. Nxf5 Nxf5 27.
Rxf5+ Ke7 28. Raf1 Rc8 29. Rf7+ Ke6 30. Rxg7 Rxc3 31. Rxh7 Rxa2 32. Rxb7 d4 33.
Rb5 d3 34. Rf6+ Ke7 35. Rb7+ Ke8 36. Rh6 Rc1# {White checkmated} 0-1

[Event "Team 45 45 League T99"]
[Site "Internet Chess Club"]
[Date "2024.03.24"]
[Round "6"]
[White "Fulmar"]
[Black "cayo89"]
[Result "0-1"]
[WhiteElo "1364"]
[BlackElo "1522"]
[Opening "Old Indian: main line"]
[ECO "A55"]
[Time "19:06:38"]
[PlyCount "146"]
[TimeControl "2700+45"]

1. d4 Nf6 2. Nf3 d6 3. c4 Nbd7 4. Nc3 e5 5. e4 Be7 6. Be2 c6 7. O-O O-O 8. d5
Nc5 9. Nd2 a5 10. a4 Bd7 11. Qc2 Qb6 12. b3 Na6 13. Na2 c5 14. f4 exf4 15. Rxf4
Nb4 16. Nxb4 cxb4+ 17. Kh1 Rac8 18. Nf1 Qc7 19. Ng3 Qd8 20. Be3 b6 21. Bd4 Ne8
22. Raf1 f6 23. Bg4 Bxg4 24. Rxg4 Kh8 25. Nf5 Rg8 26. Nxe7 Qxe7 27. Rf5 Rb8 28.
Qf2 Rf8 29. Rh4 g6 30. Rf3 Kg8 31. g4 Rf7 32. g5 fxg5 33. Rxf7 Qxf7 34. Qxf7+
Kxf7 35. Rxh7+ Kg8 36. Rh8+ Kf7 37. e5 dxe5 38. Bxe5 Rc8 39. Rh7+ Kf8 40. Rh3
Rd8 41. Rg3 Nd6 42. Bxd6+ Rxd6 43. Rxg5 Kf7 44. Kg2 Rf6 45. Rg4 Ke7 46. Rd4 Kd6
47. h4 Rf5 48. Rd1 Rh5 49. Kg3 Rf5 50. Re1 Rf6 51. Kg4 Rf2 52. Re6+ Kc7 53. Re3
Rg2+ 54. Rg3 Rc2 55. Kg5 Rc3 56. Rg2 Rxb3 57. Kxg6 Rc3 58. h5 Rxc4 59. h6 Rh4
60. h7 Kd6 61. Kg7 Kxd5 62. h8=Q Rxh8 63. Rg5+ Kc4 64. Kxh8 b3 65. Rb5 Kc3 66.
Kg7 b2 67. Kf6 Kc2 68. Ke5 b1=Q 69. Rxb1 Kxb1 70. Kd5 Kb2 71. Kc4 Ka3 72. Kb5
Kb3 73. Kxb6 Kxa4 {White resigns} 0-1

[Event "Team 45 45 League T99"]
[Site "Internet Chess Club"]
[Date "2024.03.25"]
[Round "6"]
[White "smsxman"]
[Black "CMAlge"]
[Result "1/2-1/2"]
[WhiteElo "1345"]
[BlackElo "1417"]
[Opening "French defense"]
[ECO "C00"]
[Time "12:00:12"]
[PlyCount "105"]
[TimeControl "2700+45"]

1. e4 e6 2. Nc3 d5 3. exd5 exd5 4. d4 c6 5. Nf3 Bd6 6. g3 Bg4 7. Bg2 Nf6 8. Qe2+
Be7 9. O-O O-O 10. Qd3 Re8 11. Be3 Bd6 12. a3 Nbd7 13. Qd2 Nf8 14. Bg5 N8d7 15.
Rfe1 Bxf3 16. Bxf3 Qc7 17. Rxe8+ Rxe8 18. Re1 Be7 19. Bf4 Qd8 20. Ne2 Nf8 21. c3
Ng6 22. Be3 Qd7 23. Qc1 Bd6 24. Bg5 Ne4 25. Bf4 Nxf4 26. Nxf4 f5 27. Bxe4 fxe4
28. Ng2 Re6 29. Ne3 Rh6 30. Qd1 Qh3 31. Ng4 Rg6 32. f3 Bxg3 33. Re2 Bxh2+ 34.
Rxh2 Qg3+ 35. Rg2 Qh3 36. fxe4 h5 37. exd5 hxg4 38. Qe2 Qh5 39. Qe8+ Kh7 40. Rh2
Qh3 41. Rxh3+ gxh3+ 42. Qxg6+ Kxg6 43. d6 Kf6 44. c4 Ke6 45. c5 Kd7 46. b4 g5
47. Kh2 g4 48. Kg3 b5 49. Kh2 Ke6 50. Kg3 Kd7 51. Kh2 Ke6 52. Kg3 Kd7 53. Kh2
{Game drawn by repetition} 1/2-1/2

[Event "Team 45 45 League T99"]
[Site "Internet Chess Club"]
[Date "2024.03.22"]
[Round "6"]
[White "Fulmar"]
[Black "Tjet"]
[Result "1/2-1/2"]
[WhiteElo "1374"]
[BlackElo "1289"]
[Opening "King's Indian: 6.Be2"]
[ECO "E91"]
[Time "20:04:02"]
[PlyCount "104"]
[TimeControl "2700+45"]

1. d4 d6 2. Nf3 Nf6 3. c4 g6 4. Nc3 Bg7 5. e4 O-O 6. Be2 Bg4 7. O-O c6 8. Be3
Nbd7 9. b4 Bxf3 10. Bxf3 e5 11. d5 c5 12. bxc5 Nxc5 13. Bxc5 dxc5 14. Be2 a6 15.
Rb1 Rb8 16. Rb3 Nd7 17. Na4 b6 18. Qb1 Rb7 19. Qb2 Qc7 20. Rb1 Rfb8 21. Bg4 Nf6
22. f3 Nxg4 23. fxg4 Bf6 24. Nc3 Bd8 25. a4 f6 26. h3 Qd6 27. Qa2 a5 28. R1b2
Bc7 29. Qb1 Qd8 30. Nb5 Qd7 31. Rd2 Bd6 32. Rf3 Kg7 33. Rdf2 Rf8 34. Qf1 Be7 35.
g5 f5 36. exf5 Bxg5 37. f6+ Rxf6 38. Rxf6 Be3 39. Kh1 Bxf2 40. Qxf2 Qe7 41. Rf3
e4 42. Re3 Qe5 43. Qe1 Rf7 44. Rf3 Rxf3 45. gxf3 Qf5 46. Qg3 exf3 47. Qc7+ Kh6
48. Qg3 f2 49. Qh4+ Kg7 50. Qe7+ Kh6 51. Qh4+ Kg7 52. Qe7+ Kh6 {Game drawn by
mutual agreement} 1/2-1/2

[Event "Team 45 45 League T99"]
[Site "Internet Chess Club"]
[Date "2024.03.22"]
[Round "6"]
[White "Valuablecustome"]
[Black "Reykjaviking"]
[Result "1-0"]
[WhiteElo "1064"]
[BlackElo "1215"]
[Opening "Scandinavian gambit"]
[ECO "B01"]
[Time "13:00:19"]
[PlyCount "69"]
[TimeControl "2700+45"]

1. e4 d5 2. exd5 Nf6 3. c4 c6 4. Nc3 cxd5 5. cxd5 Nxd5 6. Nf3 Bg4 7. Be2 Nc6 8.
Nxd5 Qxd5 9. d4 Bxf3 10. Bxf3 Qxd4 11. Bxc6+ bxc6 12. Qxd4 Rd8 13. Qxa7 e5 14.
O-O Be7 15. Qb7 c5 16. Be3 O-O 17. Qxe7 Rfe8 18. Qxc5 Rc8 19. Qb5 Rb8 20. Bb6
Re6 21. a4 Rbxb6 22. Rfd1 h5 23. Rd8+ Kh7 24. Re8 Rxb5 25. Rxe6 Rxb2 26. Rxe5 g6
27. Re7 Kg7 28. a5 Kf6 29. Rc7 Rb8 30. a6 Ra8 31. Rb7 Ke6 32. a7 Kd6 33. Rb8 Kc7
34. Rxa8 Kb7 35. Rf8 {Black resigns} 1-0

[Event "Team 45 45 League T99"]
[Site "Internet Chess Club"]
[Date "2024.03.25"]
[Round "6"]
[White "olivermx"]
[Black "tightfist"]
[Result "1/2-1/2"]
[WhiteElo "1467"]
[BlackElo "1491"]
[Opening "Queen's pawn"]
[ECO "A40"]
[Time "22:07:20"]
[PlyCount "147"]
[TimeControl "2700+45"]

1. d4 e6 2. Nf3 d5 3. Bf4 Nf6 4. e3 c5 5. c3 Qb6 6. Qc2 Bd7 7. Nbd2 Bb5 8. Bxb5+
Qxb5 9. a4 Qa6 10. dxc5 Bxc5 11. b4 Be7 12. b5 Qb6 13. O-O Nbd7 14. Rfc1 O-O 15.
Qb3 Nh5 16. Be5 Nxe5 17. Nxe5 Nf6 18. c4 Rfd8 19. Ndf3 h6 20. cxd5 Rxd5 21. Nc4
Qd8 22. Rd1 Rxd1+ 23. Rxd1 Qc7 24. h3 Rc8 25. Nce5 Bd6 26. Ng4 Nxg4 27. hxg4 Be7
28. Qb1 Bf6 29. Qe4 Qc2 30. Qd3 Qxa4 31. Qb1 Qxg4 32. Rd7 Qc4 33. Rxb7 Rc7 34.
Rb8+ Rc8 35. Rb7 Qc1+ 36. Qxc1 Rxc1+ 37. Kh2 Rb1 38. Rxa7 Rxb5 39. Ra4 Rb2 40.
Kg1 g6 41. Rc4 g5 42. g4 Kg7 43. Kg2 Rb8 44. Nd2 Kg6 45. Ne4 Be7 46. Rc7 Re8 47.
Rd7 f5 48. gxf5+ exf5 49. Nd6 Bxd6 50. Rxd6+ Kh5 51. Rd5 Rf8 52. Rd1 g4 53. Rh1+
Kg5 54. Rd1 Rf6 55. Rd4 f4 56. exf4+ Rxf4 57. Rd3 h5 58. f3 h4 59. fxg4 Kxg4 60.
Kh2 Rf2+ 61. Kg1 Rc2 62. Rb3 Rd2 63. Rc3 Rd1+ 64. Kh2 Rf1 65. Kg2 Rf4 66. Kh2
Rf2+ 67. Kg1 Rd2 68. Kh1 h3 69. Rb3 Rf2 70. Rc3 Rf1+ 71. Kh2 Rf2+ 72. Kh1 Rg2
73. Rb3 Rf2 74. Rc3 {Game drawn by repetition} 1/2-1/2

[Event "Team 45 45 League T99"]
[Site "Internet Chess Club"]
[Date "2024.03.23"]
[Round "6"]
[White "oldbookseller"]
[Black "kabubi"]
[Result "0-1"]
[WhiteElo "922"]
[BlackElo "1161"]
[Opening "Queen's pawn game"]
[ECO "D04"]
[Time "09:36:52"]
[PlyCount "78"]
[TimeControl "2700+45"]

1. d4 Nf6 2. e3 d5 3. Nf3 Nc6 4. Bd3 e6 5. b3 Be7 6. Bb2 O-O 7. O-O Qd6 8. h3
Re8 9. Nbd2 Nd8 10. c4 c5 11. Ba3 b6 12. dxc5 bxc5 13. Bb2 Nc6 14. Ng5 e5 15.
Nxh7 Nxh7 16. Qh5 Qh6 17. Qf5 Bxf5 18. Bxf5 Qh5 19. Bc2 Qe2 20. Rad1 Qh5 21.
cxd5 Nb4 22. Be4 Ng5 23. d6 Nxe4 24. Nxe4 Qf5 25. Nxc5 Qc2 26. Bxe5 Qxc5 27. f4
Bh4 28. Bxg7 Kxg7 29. d7 Qxe3+ 30. Kh1 Red8 31. f5 f6 32. Rfe1 Bxe1 33. Rd6 Qc5
34. Re6 Qxf5 35. Re7+ Kf8 36. Rxe1 Re8 37. dxe8=Q+ Rxe8 38. g4 Rxe1+ 39. Kh2
Qf2# {White checkmated} 0-1

[Event "Team 45 45 League T99"]
[Site "Internet Chess Club"]
[Date "2024.03.24"]
[Round "6"]
[White "Kingofknights"]
[Black "chesskix"]
[Result "1-0"]
[WhiteElo "1501"]
[BlackElo "1387"]
[Opening "QGD Slav defense: exchange variation"]
[ECO "D13"]
[Time "18:00:10"]
[PlyCount "99"]
[TimeControl "2700+45"]

1. d4 d5 2. c4 c6 3. cxd5 cxd5 4. Nc3 Nf6 5. Nf3 Nc6 6. Bf4 a6 7. e3 g6 8. Rc1
Bg7 9. h3 O-O 10. Bd3 Nb4 11. Bb1 Nc6 12. O-O Nh5 13. Bh2 f5 14. a3 e6 15. b4 b5
16. Ne5 Nxe5 17. dxe5 Bh8 18. Qd4 Bb7 19. a4 Rc8 20. axb5 axb5 21. Nxb5 Ba6 22.
Bd3 Rb8 23. Nd6 Bxd3 24. Qxd3 Qb6 25. b5 f4 26. Rc6 Qa5 27. Qd4 Qa2 28. exf4 Ng7
29. Qd3 Nf5 30. Nxf5 exf5 31. Rb1 Rfd8 32. b6 Rb7 33. Kf1 Bg7 34. f3 Bf8 35. Bg1
Rdb8 36. Qb3 Qa6+ 37. Ke1 Qa5+ 38. Kd1 Be7 39. Bd4 Bh4 40. Bc3 Qa6 41. Qb5 Qa2
42. Qb3 Qxg2 43. Qxd5+ Kg7 44. e6+ Kh6 45. Qd3 Qg1+ 46. Kc2 Qg2+ 47. Bd2 Qxh3
48. Qc3 Qg2 49. Rc7 Rxb6 50. Qg7+ {Black resigns} 1-0

[Event "Team 45 45 League T99"]
[Site "Internet Chess Club"]
[Date "2024.03.23"]
[Round "6"]
[White "Denis240964"]
[Black "rjhoro"]
[Result "1-0"]
[WhiteElo "1332"]
[BlackElo "1185"]
[Opening "Caro-Kann defense"]
[ECO "B15"]
[Time "18:30:33"]
[PlyCount "107"]
[TimeControl "2700+45"]

1. e4 c6 2. d4 d5 3. Nc3 dxe4 4. Nxe4 Nf6 5. Ng3 Nbd7 6. Nf3 g6 7. Bc4 b5 8. Bb3
Bb7 9. O-O Qc7 10. Re1 Bg7 11. Ng5 O-O 12. Rxe7 Nd5 13. Re1 c5 14. dxc5 Qxc5 15.
N5e4 Qc6 16. c3 Rad8 17. Be3 Nxe3 18. Rxe3 Nc5 19. Qe2 Nxb3 20. axb3 a6 21. f3
Rfe8 22. Nf2 Bh6 23. Rxe8+ Rxe8 24. Qd3 Qb6 25. Rf1 Rd8 26. Qe2 Be3 27. Re1 Bd2
28. Rd1 Qd6 29. Nge4 Qe7 30. Rxd2 Rxd2 31. Qxd2 Bxe4 32. Nxe4 Qa7+ 33. Qd4 Qxd4+
34. cxd4 f5 35. Nd6 Kf8 36. b4 Ke7 37. Nb7 Kd7 38. Nc5+ Kc6 39. Nxa6 Kd5 40.
Nc7+ Kxd4 41. Nxb5+ Kc4 42. Nd6+ Kxb4 43. h4 Kb3 44. Kf2 Kxb2 45. Kg3 Kc3 46.
Kf4 Kd4 47. Nf7 Kd5 48. Kg5 Ke6 49. Nh8 Ke5 50. Nxg6+ hxg6 51. Kxg6 Kf4 52. h5
Kg3 53. Kxf5 Kxg2 54. h6 {Black resigns} 1-0

[Event "Team 45 45 League T99"]
[Site "Internet Chess Club"]
[Date "2024.03.22"]
[Round "6"]
[White "Toalla"]
[Black "Visin"]
[Result "1-0"]
[WhiteElo "1100"]
[BlackElo "1207"]
[Opening "Queen's pawn, Mason variation"]
[ECO "D00"]
[Time "11:00:40"]
[PlyCount "141"]
[TimeControl "2700+45"]

1. d4 d5 2. Bf4 Nf6 3. e3 Bf5 4. Bd3 Bg6 5. h3 Nc6 6. c3 e6 7. g4 h6 8. h4 Bd6
9. Bxg6 fxg6 10. Nd2 Bxf4 11. exf4 Qd6 12. Qf3 O-O-O 13. O-O-O Rhe8 14. Ne2 Ne7
15. Ng3 Qa6 16. a3 Rd6 17. Nb1 Qb5 18. g5 Nd7 19. Qd3 Qc6 20. Qc2 Nb6 21. Qb3
Nc4 22. Nd2 Rf8 23. Ne2 Qb6 24. Qa2 Qb5 25. Nb3 h5 26. Nc5 Rb6 27. b4 Rd6 28. a4
Qe8 29. Nd3 a5 30. b5 c6 31. Qb3 cxb5 32. Qxb5 Qxb5 33. axb5 Rb6 34. Nc5 Kc7 35.
Kc2 Kd6 36. Ra1 Rxb5 37. Kd3 b6 38. Na4 Nb2+ 39. Ke3 Nxa4 40. Rxa4 Rc8 41. Kd3
Nf5 42. Ra3 Kd7 43. Ng3 Nd6 44. Ne2 Rb2 45. Raa1 Ra8 46. Rhb1 Rxb1 47. Rxb1 b5
48. Kc2 Nf5 49. Rxb5 Kc6 50. Rc5+ Kd6 51. Nc1 Nxh4 52. Nd3 Nf5 53. Ne5 h4 54.
Nf7+ Kd7 55. Ne5+ Ke8 56. Rc6 Ke7 57. Rc7+ Kf8 58. Nxg6+ Kg8 59. Ne5 a4 60. Nf3
Kh7 61. Kb2 Ra6 62. Ka3 h3 63. Nh2 Nd6 64. Rc5 Nc4+ 65. Ka2 Rb6 66. Ng4 a3 67.
Ka1 Rb3 68. Rc6 Rxc3 69. Rxe6 Rf3 70. g6+ Kg8 71. Re8# {Black checkmated} 1-0

[Event "Team 45 45 League T99"]
[Site "Internet Chess Club"]
[Date "2024.03.23"]
[Round "6"]
[White "tamky70"]
[Black "rgadoury"]
[Result "0-1"]
[WhiteElo "1265"]
[BlackElo "1173"]
[Opening "Queen's pawn game"]
[ECO "D02"]
[Time "11:01:12"]
[PlyCount "66"]
[TimeControl "2700+45"]

1. d4 d5 2. Nf3 g6 3. g3 Bg7 4. Bg2 Nf6 5. O-O O-O 6. c3 Nc6 7. Nbd2 Re8 8. Re1
e5 9. dxe5 Nxe5 10. Nxe5 Rxe5 11. Nf3 Re8 12. Be3 c6 13. Qc1 Ng4 14. Bd4 Bxd4
15. cxd4 Nf6 16. e3 Bd7 17. Ne5 Ne4 18. Nxd7 Qxd7 19. Bxe4 Rxe4 20. Kg2 Kg7 21.
f3 Re6 22. Qc3 b6 23. e4 dxe4 24. Rxe4 Rxe4 25. fxe4 f6 26. Rf1 Rf8 27. Qe3 f5
28. e5 Qe6 29. b3 h5 30. h4 c5 31. dxc5 Qd5+ 32. Kh2 Qxc5 33. e6 Qxe3 {White
resigns} 0-1

[Event "Team 45 45 League T99"]
[Site "Internet Chess Club"]
[Date "2024.03.25"]
[Round "6"]
[White "Electryon"]
[Black "Manch"]
[Result "0-1"]
[WhiteElo "1490"]
[BlackElo "1421"]
[Opening "Queen's pawn game"]
[ECO "D02"]
[Time "18:00:29"]
[PlyCount "56"]
[TimeControl "2700+45"]

1. d4 d5 2. Nf3 c6 3. e3 Bg4 4. h3 Bxf3 5. Qxf3 Nd7 6. c4 e6 7. Nc3 Ngf6 8. b3
Bb4 9. Bd2 Qa5 10. Nb1 Bxd2+ 11. Nxd2 Ne4 12. Qd1 Ndf6 13. Bd3 Nc3 14. Qc2 Nfe4
15. Bxe4 Nxe4 16. Ke2 Nc3+ 17. Kd3 dxc4+ 18. Nxc4 Qg5 19. Kxc3 Qe7 20. Qe4 O-O
21. f4 b5 22. Ne5 c5 23. dxc5 Qxc5+ 24. Kb2 Rad8 25. Rhd1 Rxd1 26. Rxd1 Rc8 27.
Qd3 g6 28. Rd2 Qc1# {White checkmated} 0-1